AoeStats
← waw15

Arabia

503217739Analyzed
3v3 RM · 1mo ago on Aug 30, 2026· 44m 52s· 6 players
Game mode
Random Map
Map size
Normal (6 player)
Population
200
Speed
Normal
Resources
Standard
Victory
Conquest
Starting age
Dark Age
Ending age
Imperial Age
RankedLock teamsTeams togetherTeam positionsShared explorationLock speedFull tech treeHidden civsTurbo modeCheats
Victory
Defeat
🇵🇱 Hindustanis · Poland
955
+15
🇬🇧 Mongols · United Kingdom
931
+16
🇬🇧 Maya · United Kingdom
911
+17
🇹🇷 Magyars · Türkiye
1063
-22
🇹🇷 Mongols · Türkiye
914
-15
🇹🇷 Aztecs · Türkiye
826
-11
favagrossa1
12:33 Feudal Age
17:52 Castle Age
17:09 Horse Collar
17:17 Double-Bit Axe
20:32 Forging
21:07 Scale Mail Armor
21:07 Loom
21:50 Squires
23:07 Iron Casting
22:32 Eagle Warrior
25:48 Arson
28:05 Wheelbarrow
28:52 Pikeman
30:12 Fletching
30:31 Gold Mining
34:37 Imperial Age
32:53 Wheelbarrow
33:18 Bodkin Arrow
33:29 Heavy Plow
34:28 Chain Mail Armor
36:45 Blast Furnace
35:46 Bracer
37:55 Elite Skirmisher
39:10 Elite Eagle Warrior
41:52 Plate Mail Armor
41:53 Crop Rotation
43:06 Chemistry
42:22 Bow Saw
waw15
10:39 Feudal Age
13:13 Double-Bit Axe
15:33 Castle Age
14:02 Horse Collar
15:04 Bloodlines
14:58 Loom
29:46 Forging
29:53 Gold Mining
30:52 Husbandry
33:00 Fletching
34:42 Wheelbarrow
35:14 Ballistics
38:03 Imperial Age
37:52 Iron Casting
37:12 Bodkin Arrow
37:38 Caravan
39:19 Heavy Scorpion
42:36 Chemistry
41:40 Padded Archer Armor
PiotrekEs
9:46 Feudal Age
9:43 Loom
10:36 Double-Bit Axe
18:01 Castle Age
19:08 Bow Saw
21:10 Horse Collar
23:33 Husbandry
23:44 Bloodlines
25:29 Wheelbarrow
25:12 Heavy Plow
26:07 Gold Mining
27:20 Town Watch
32:14 Imperial Age
32:15 Town Patrol
32:44 Grand Trunk Road
33:13 Forging
33:09 Scale Barding Armor
34:25 Two-Man Saw
33:25 Heavy Camel Rider
35:11 Chemistry
34:54 Conscription
35:12 Imperial Camel Rider
37:15 Hoardings
37:04 Scale Mail Armor
37:40 Iron Casting
38:05 Hand Cart
38:27 Gold Shaft Mining
38:55 Elite Ghulam
39:52 Siege Engineers
40:07 Ballistics
Kurtkapanı
2:07 Loom
11:05 Feudal Age
11:42 Double-Bit Axe
20:14 Castle Age
18:28 Gold Mining
18:37 Stone Mining
18:49 Horse Collar
21:56 Bow Saw
23:10 Pikeman
24:53 Squires
24:52 Elite Skirmisher
26:48 Thumb Ring
28:33 Padded Archer Armor
28:25 Fletching
28:36 Padded Archer Armor
29:33 Stone Shaft Mining
30:13 Bodkin Arrow
30:33 Leather Archer Armor
32:29 Ballistics
34:13 Wheelbarrow
33:51 Masonry
36:12 Nomads
37:03 Town Watch
38:27 Hand Cart
39:37 Murder Holes
42:20 Gold Shaft Mining
45:38 Imperial Age
bon sian son
3:07 Loom
11:31 Feudal Age
12:01 Double-Bit Axe
15:52 Horse Collar
22:57 Castle Age
23:05 Padded Archer Armor
23:06 Arson
24:13 Squires
23:41 Elite Skirmisher
23:45 Pikeman
24:58 Town Watch
25:19 Heavy Plow
25:30 Bow Saw
24:51 Crossbowman
26:04 Scale Mail Armor
29:07 Forging
29:07 Guard Tower
29:30 Town Watch
30:46 Leather Archer Armor
31:28 Murder Holes
31:13 Man-at-Arms
33:01 Wheelbarrow
33:07 Ballistics
38:32 Imperial Age
36:20 Treadmill Crane
38:10 Hand Cart
38:18 Atlatl
38:58 Iron Casting
39:33 Chain Mail Armor
41:19 Blast Furnace
42:44 Chemistry
42:29 Town Patrol
42:23 Fletching
44:20 Long Swordsman
Gaunter O'Dimm
10:36 Feudal Age
11:30 Double-Bit Axe
19:11 Castle Age
17:45 Horse Collar
18:21 Fletching
18:26 Gold Mining
20:15 Bow Saw
22:11 Padded Archer Armor
22:30 Bloodlines
22:21 Husbandry
22:28 Heavy Plow
23:48 Wheelbarrow
25:42 Gold Shaft Mining
28:30 Thumb Ring
28:26 Bodkin Arrow
28:31 Stone Mining
30:19 Hand Cart
33:56 Imperial Age
32:15 Leather Archer Armor
33:54 Corvinian Army
34:19 Ballistics
35:42 Two-Man Saw
35:16 Crop Rotation
35:17 Heavy Cavalry Archer
36:23 Parthian Tactics
36:26 Town Watch
37:47 Conscription
38:13 Recurve Bow
40:17 Scale Barding Armor
40:14 Bracer
42:02 Elite Magyar Huszar
Connection lost

Rejoining the realm…

Still unreachable

The connection could not be restored.

Session expired

The server has moved on; the page needs a fresh start.